 Dungeon Crawl Stone Soup version 0.19.5 (webtiles) character file.

558 Gargoyl the Skirmisher (level 7, 0/62 HPs)
             Began as a Ghoul Abyssal Knight on Apr 2, 2017.
             Was a Believer of Lugonu.
             Slain by an orc
             ... wielding a +0 trident
              (2 damage)
             ... on level 4 of the Dungeon.
             The game lasted 00:09:09 (3024 turns).

Gargoyl the Skirmisher (Ghoul Abyssal Knight)       Turns: 3024, Time: 00:09:09

Health: 0/62       AC:  5    Str: 19    XL:     7   Next: 31%
Magic:  8/8        EV: 11    Int:  7    God:    Lugonu [**....]
Gold:   224        SH:  0    Dex: 10    Spells: 0 memorised, 6 levels left

rFire  + . .     SeeInvis .     a - +1 hand axe
rCold  . . .     Gourm    .     i - +0 ring mail
rNeg   + + +     Faith    .     (no shield)
rPois  ∞         Spirit   .     (no helmet)
rElec  .         Reflect  .     (no cloak)
rCorr  .         Harm     .     (no gloves)
MR     .....                    (no boots)
Stlth  ..........               (no amulet)
                                g - +3 ring of strength
                                d - ring of fire

@: rotting
A: rotting body, claws 1, carnivore 3, cold resistance 1, negative energy
resistance 3, slow regeneration 1, torment resistance, unbreathing
a: Depart the Abyss, Bend Space, Renounce Religion


You were on level 4 of the Dungeon.
You worshipped Lugonu.
Lugonu was pleased with you.
You were not hungry.

You visited 1 branch of the dungeon, and saw 4 of its levels.
You visited the Abyss 1 time.

You collected 224 gold pieces.

Inventory:

Hand Weapons
 a - a +1 hand axe (weapon)
 q - a +0 spear
Missiles
 e - 5 steel tomahawks (quivered)
 o - 3 tomahawks
Armour
 b - a +0 leather armour
 i - a +0 ring mail (worn)
Jewellery
 d - a ring of fire (left claw)
 g - a +3 ring of strength (right claw)
 m - an uncursed ring of protection from magic {unknown}
Scrolls
 h - a scroll of recharging
 k - 2 scrolls of teleportation
Potions
 r - a potion of curing {unknown}
 s - a potion of brilliance {unknown}
Books
 l - a book of Conjurations

   Spells                             Type                      Level
   a - Magic Dart                     Conjuration                  1
   b - Searing Ray                    Conjuration                  2
   c - Dazzling Spray                 Conjuration/Hexes            3
   d - Fulminant Prism                Conjuration/Hexes            4
   e - Iskenderun's Mystic Blast      Conjuration                  4
   f - Iskenderun's Battlesphere      Conjuration/Charms           5
Comestibles
 c - a meat ration
 f - 2 slices of pizza
 n - a royal jelly


   Skills:
 + Level 5.9 Fighting
 + Level 3.1 Axes
 * Level 4.2 Armour
 + Level 2.0 Dodging
 * Level 3.0 Invocations


You had 6 spell levels left.
You didn't know any spells.

Dungeon Overview and Level Annotations

Branches:
Dungeon (4/15)
 Temple: D:4-7

Altars:
Fedhas
Hepliaklqana
Sif Muna
Xom


Innate Abilities, Weirdness & Mutations

Your body is rotting away.
You thrive on raw meat.
You are immune to poison.
You have sharp fingernails.
You are carnivorous and can eat meat at any time.
Your flesh is cold resistant. (rC+)
You are immune to negative energy. (rN+++)
You regenerate slowly when monsters are visible.
You are immune to unholy pain and torment.
You can survive without breathing.


Message History

Lugonu accepts your kill. The orc closely misses you.
The orc wizard hits you but does no damage.
The orc closely misses you. The orc hits you but does no damage.
Items here: $ ) [ † a flail; a scale mail; 3 gold pieces; an orc corpse You butcher the orc corpse.
The orc wizard points at you and mumbles some strange words.
The magic dart hits you!
* * * LOW HITPOINT WARNING * * *
The orc hits you from afar with a trident.
* * * LOW HITPOINT WARNING * * *
The orc barely misses you.
Items here: $ % ) [ ÷ a flail; a scale mail; 3 gold pieces; 4 chunks of flesh; an orc skeleton Eat one of 4 chunks of flesh? (ye/n/q)
You start eating one of the 4 chunks of flesh.
The orc wizard barely misses you.
The orc hits you from afar with a trident.
You die...

... .# # .. #.⌠ .#..
#. #.#♣# #.. #..
#.#.# ... ##..# #.⌠.#
#.####+## ###....#
#.#.##........ ....
#.# #.#.#@.......
...#.♣.###.8o#o......
#..# #.#.#.#)o....##
###.####.####..#####
#....##.♣.# #.#
#.....##.##. .#
#....#..#..# $.
#....##...+## ### #.
####............. #.


You could see an orc wizard and 2 orcs.

Vanquished Creatures
  A scorpion (D:3)
  5 orc wizards
  Jessica (D:1)
  Ijyb (D:1)
  7 adders
  An ooze (D:1)
  3 worms
  2 dart slugs
  A leopard gecko (D:1)
  7 orcs
  6 giant cockroaches
  8 goblins
  7 hobgoblins
  3 jackals (D:4)
  2 quokkas (D:3)
  A ball python (D:3)
  4 bats
  8 frilled lizards
  12 kobolds
  7 rats
87 creatures vanquished.

Vanquished Creatures (collateral kills)
  A smoke demon (Abyss:4)
  A small abomination (Abyss:4)
2 creatures vanquished.

Vanquished Creatures (others)
  A hobgoblin (D:3)
1 creature vanquished.

Grand Total: 90 creatures vanquished

Notes
Turn   | Place    | Note
-------+----------+-------------------------------------------
     0 | Abyss:1  | Gargoyl the Ghoul Abyssal Knight began the quest for the Orb.
     0 | Abyss:1  | Reached XP level 1. HP: 19/19 MP: 1/1
   112 | Abyss:3  | Noticed a worldbinder
   114 | Abyss:3  | Noticed a siren
   132 | Abyss:4  | Noticed a smoke demon
   138 | Abyss:4  | Killed a smoke demon
   138 | Abyss:4  | Reached skill level 5 in Fighting
   138 | Abyss:4  | Reached XP level 2. HP: 12/29 MP: 2/2
   138 | Abyss:4  | Reached XP level 3. HP: 15/36 MP: 3/3
   138 | Abyss:4  | Reached XP level 4. HP: 17/42 MP: 4/4
   138 | Abyss:4  | Reached XP level 5. HP: 20/48 MP: 5/5
   169 | Abyss:4  | Noticed a tentacled starspawn
   171 | Abyss:4  | Noticed a ynoxinul
   173 | D:1      | Escaped the Abyss
   479 | D:1      | Reached * piety under Lugonu
   834 | D:1      | Reached skill level 1 in Dodging
   902 | D:2      | Noticed Jessica
   933 | D:2      | Noticed Ijyb
  1048 | D:1      | Killed Jessica
  1048 | D:1      | Reached XP level 6. HP: 28/55 MP: 6/6
  1053 | D:1      | Killed Ijyb
  1530 | D:2      | Reached ** piety under Lugonu
  2057 | D:3      | Found a deep blue altar of Sif Muna.
  2071 | D:3      | Found a shimmering altar of Xom.
  2074 | D:3      | Found a hazy altar of Hepliaklqana.
  2086 | D:3      | Found a blossoming altar of Fedhas.
  2409 | D:3      | Reached XP level 7. HP: 62/62 MP: 8/8
  2603 | D:4      | HP: 2/62 [worm (9)]
  3023 | D:4      | HP: 2/62 [orc/trident (6)]
  3024 | D:4      | Slain by an orc

Skill      XL: |  1  2  3  4  5  6  7 |
---------------+----------------------+-----
Fighting       | 5 |  5.9
Axes           | 2 3 |  3.1
Armour         | 2 3 4 |  4.2
Dodging        | 1 2 |  2.0
Invocations    | 3 |  3.0

Action                   |  1- 3 |  4- 6 |  7- 9 || total
-------------------------+-------+-------+-------++-------
Melee: Hand axe          |       |   279 |    64 ||   343
Invok: Depart the Abyss  |       |     1 |       ||     1
  Use: Scroll            |     1 |     6 |       ||     7
       Potion            |       |     3 |     2 ||     5
  Eat: Chunk             |       |    47 |    11 ||    58
Armor: Leather armour    |       |    71 |       ||    71
       Ring mail         |       |    36 |    21 ||    57
Dodge: Dodged            |       |   241 |    62 ||   303
